[Event "Nordic Youth Chess Championships 2022: Class A - U20"]
[Site "Scandic Helsingborg Nord, Florettgatan 41, Helsingborg, Sweden"]
[Date "2022.08.27"]
[Round "4.6"]
[White "Morkore, Rogvi"]
[Black "Tuominen, Matias"]
[Result "1-0"]
[WhiteElo "1727"]
[BlackElo "1560"]
[TimeControl "90 minutes with 30 seconds increment per move."]
[WhiteFideId "7202563"]
[BlackFideId "514900"]

1.e4 c6 2.d4 d5 3.Nc3 dxe4 4.Nxe4 Bf5 5.Ng3 Bg6 6.h4 h6 7.Nf3 Nd7 8.h5 Bh7
9.Bd3 Bxd3 10.Qxd3 e6 11.Bd2 Ngf6 12.Qe2 Be7 13.Nf1 O-O 14.g4 Nh7 15.Rg1 
Re8 16.Ne5 Nxe5 17.dxe5 Bg5 18.O-O-O Bxd2+ 19.Nxd2 Qa5 20.Kb1 Rad8 21.f4 
f6 22.exf6 Nxf6 23.g5 hxg5 24.fxg5 Nd5 25.Nb3 Qb6 26.h6 e5 27.hxg7 Qc7 28.
Nc5 Qxg7 29.Ne4 Qg6 30.Nf6+ Kg7 31.Nxe8+ Rxe8 32.Rh1 e4 33.Qd2 Qf5 34.Qd4+
Qe5 35.Qxa7 Qe7 36.Qd4+ Qe5 37.c4 Qxd4 38.Rxd4 Nb4 39.Re1 e3 40.a3 Na6 41.
Rd3 1-0

[Event "Nordic Youth Chess Championships 2022: Class A - U20"]
[Site "Scandic Helsingborg Nord, Florettgatan 41, Helsingborg, Sweden"]
[Date "2022.08.28"]
[Round "5.1"]
[White "Stefansson, Vignir Vatnar"]
[Black "Hausken, Andreas Skrede"]
[Result "1-0"]
[WhiteElo "2445"]
[BlackElo "2042"]
[TimeControl "90 minutes with 30 seconds increment per move."]
[WhiteTitle "IM"]
[WhiteFideId "2308649"]
[BlackFideId "1533100"]

1.c4 c5 2.Nf3 Nc6 3.Nc3 g6 4.e3 Nf6 5.d4 cxd4 6.exd4 d5 7.cxd5 Nxd5 8.Qb3 
Nxc3 9.Bc4 Nd5 10.Bxd5 e6 11.Bxc6+ bxc6 12.O-O Qd5 13.Qe3 f6 14.Re1 Be7 
15.Bd2 g5 16.Bc3 Bd7 17.Nd2 Kf7 18.Ne4 h5 19.Nc5 g4 20.Nd3 h4 21.Bb4 Bd6 
22.Bxd6 Qxd6 23.Rac1 Rab8 24.Rc5 Rb5 25.Rec1 Rh5 26.Qe4 g3 27.fxg3 hxg3 
28.h3 f5 29.Ne5+ Ke8 30.Qe3 Rh4 31.Nf3 Re4 32.Qd2 e5 33.Qg5 Rxd4 34.Qg8+ 
Ke7 35.Qg7+ Kd8 36.Qg8+ Ke7 37.Qg5+ Ke8 38.R5c2 Rd1+ 39.Ne1 Qd4+ 40.Kh1 
Rxc1 41.Rxc1 Rxb2 42.Qxg3 f4 43.Qg8+ Ke7 44.Nf3 Qe3 45.Rd1 Rb7 46.Qg7+ Ke8
47.Nxe5 1-0

[Event "Nordic Youth Chess Championships 2022: Class A - U20"]
[Site "Scandic Helsingborg Nord, Florettgatan 41, Helsingborg, Sweden"]
[Date "2022.08.28"]
[Round "5.2"]
[White "Torngren, Gustav"]
[Black "Hannesarson, Silas G."]
[Result "1-0"]
[WhiteElo "2247"]
[BlackElo "1651"]
[TimeControl "90 minutes with 30 seconds increment per move."]
[WhiteTitle "FM"]
[WhiteFideId "1728970"]
[BlackFideId "7203845"]

1.Nf3 Nf6 2.e3 b6 3.c4 Bb7 4.b4 e6 5.a3 a5 6.b5 Be7 7.Bb2 O-O 8.Be2 d5 9.
O-O c6 10.Nc3 Nbd7 11.bxc6 Bxc6 12.Nd4 Bb7 13.cxd5 Nxd5 14.Bb5 Rc8 15.Qe2 
Nc5 16.Rab1 Bd6 17.Nxd5 Bxd5 18.Qg4 Qf6 19.f4 Qg6 20.Qe2 Rfd8 21.d3 Ba8 
22.e4 Qh6 23.g3 Bf8 24.Nc2 Rd6 25.Be5 Rdd8 26.Ne3 Bd6 27.Ng4 Qh3 28.Nf2 
Qh6 29.Ng4 Qh3 30.Nf2 Qh6 31.Bb2 Qg6 32.e5 Bf8 33.Bc1 Be7 34.Be3 Bh4 35.
Qg4 Qxg4 36.Nxg4 Be7 37.Rfc1 Bd5 38.a4 Bf8 39.Nf2 h5 40.Nd1 g6 41.Kf2 Kg7 
42.Ke2 Kg8 43.Nc3 Ba8 44.Bc4 Rb8 45.Rc2 Nd7 46.Bb5 Nc5 47.Rcb2 Bd5 48.Nxd5
exd5 49.Bc6 d4 50.Bd2 Ne6 51.Rxb6 Bb4 52.Rxb8 Rxb8 53.Bxb4 axb4 54.Bb5 Nc5
55.Rxb4 Nxa4 56.Rxa4 Rxb5 57.Kf3 Rb2 58.h4 1-0

[Event "Nordic Youth Chess Championships 2022: Class A - U20"]
[Site "Scandic Helsingborg Nord, Florettgatan 41, Helsingborg, Sweden"]
[Date "2022.08.28"]
[Round "5.3"]
[White "Mai, Alexander Oliver"]
[Black "Koch-Muller, Oscar"]
[Result "1-0"]
[WhiteElo "2158"]
[BlackElo "2077"]
[TimeControl "90 minutes with 30 seconds increment per move."]
[WhiteFideId "2313391"]
[BlackFideId "1447955"]

1.e4 e6 2.d4 d5 3.Nc3 Bb4 4.e5 c5 5.a3 Bxc3+ 6.bxc3 Ne7 7.Qg4 O-O 8.Bd3 f5
9.exf6 Rxf6 10.Bg5 Rf7 11.Qh5 g6 12.Qd1 Qa5 13.Bd2 Nbc6 14.Nf3 c4 15.Be2 
Nf5 16.O-O Bd7 17.Qe1 Nd6 18.Bd1 Re8 19.Qe3 Ne7 20.Ne5 Nef5 21.Qe1 Ree7 
22.g4 Ng7 23.Nxf7 Rxf7 24.f3 h5 25.h3 hxg4 26.hxg4 Qb6 27.Kg2 Qb2 28.Rc1 
Nb5 29.a4 Nc7 30.Rh1 Bxa4 31.Qh4 Rf8 32.Qh7+ Kf7 33.Rh6 Rg8 34.Qxg6+ Ke7 
35.Bg5+ Kd6 36.Bf4+ Kc6 37.Qf7 Rc8 38.Qxg7 1-0

[Event "Nordic Youth Chess Championships 2022: Class A - U20"]
[Site "Scandic Helsingborg Nord, Florettgatan 41, Helsingborg, Sweden"]
[Date "2022.08.28"]
[Round "5.4"]
[White "Petersen, Daniel"]
[Black "Muntean, Victor"]
[Result "1-0"]
[WhiteElo "1966"]
[BlackElo "2125"]
[TimeControl "90 minutes with 30 seconds increment per move."]
[WhiteFideId "1466577"]
[BlackFideId "1054414"]

1.d4 Nf6 2.c4 g6 3.Nc3 Bg7 4.e4 d6 5.f3 O-O 6.Be3 e5 7.Nge2 Nc6 8.d5 Ne7 
9.Qd2 Ne8 10.g4 f5 11.gxf5 gxf5 12.exf5 Bxf5 13.Ng3 Ng6 14.Bg5 Bf6 15.Bh6 
Bg7 16.Rg1 Nh4 17.Be2 Bg6 18.Bxg7 Nxg7 19.Qe3 Ngf5 20.Nxf5 Nxf5 21.Qf2 Nd4
22.O-O-O Qf6 23.Rg3 Qf4+ 24.Rd2 Kh8 25.Kd1 Nf5 26.Rh3 Ne3+ 27.Ke1 Rf6 28.
Bd3 Nxc4 29.Bxc4 Qxc4 30.Qg3 e4 31.f4 e3 32.Rg2 Rxf4 33.Rxh7+ 1-0

[Event "Nordic Youth Chess Championships 2022: Class A - U20"]
[Site "Scandic Helsingborg Nord, Florettgatan 41, Helsingborg, Sweden"]
[Date "2022.08.28"]
[Round "5.5"]
[White "Skahlberg Bjerknes-Lima De Faria, Warg"]
[Black "Morkore, Rogvi"]
[Result "0-1"]
[WhiteElo "1778"]
[BlackElo "1727"]
[TimeControl "90 minutes with 30 seconds increment per move."]
[WhiteFideId "1738100"]
[BlackFideId "7202563"]

1.c4 c5 2.g3 g6 3.Bg2 Bg7 4.Nc3 Nc6 5.Nf3 e6 6.O-O Nge7 7.Ne4 d6 8.d4 cxd4
9.Bg5 f5 10.Ned2 h6 11.Bxe7 Qxe7 12.Qb3 g5 13.e3 dxe3 14.fxe3 e5 15.Rad1 
e4 16.Ne1 g4 17.Nb1 Be6 18.Nc3 Bxc3 19.Qxc3 O-O 20.Nc2 Ne5 21.b3 h5 22.Nd4
Rad8 23.Nb5 Nf7 24.Nxa7 Ra8 25.Qd4 h4 26.Nb5 h3 27.Bh1 Rxa2 28.Nc3 Ra6 29.
Nd5 Bxd5 30.Qxd5 Qg5 31.Qxf5 Qxe3+ 32.Rf2 Ra2 33.Qxg4+ Ng5 34.Rf1 Qxf2+ 
35.Rxf2 Ra1+ 0-1

[Event "Nordic Youth Chess Championships 2022: Class A - U20"]
[Site "Scandic Helsingborg Nord, Florettgatan 41, Helsingborg, Sweden"]
[Date "2022.08.28"]
[Round "5.6"]
[White "Tuominen, Matias"]
[Black "Halvorsen, Benjamin"]
[Result "1-0"]
[WhiteElo "1560"]
[BlackElo "1767"]
[TimeControl "90 minutes with 30 seconds increment per move."]
[WhiteFideId "514900"]
[BlackFideId "1516604"]

1.d4 f5 2.c4 Nf6 3.Nf3 e6 4.g3 d5 5.Bg2 c6 6.O-O Bd6 7.Ne5 O-O 8.Nc3 b6 9.
f4 Bb7 10.b3 Qe8 11.a4 Ne4 12.Nxe4 fxe4 13.Ba3 c5 14.Rc1 Na6 15.e3 Rc8 16.
Bh3 Rc7 17.Rf2 Rf6 18.Bf1 Qd8 19.Rfc2 Nb4 20.Bxb4 cxb4 21.c5 bxc5 22.dxc5 
Bxe5 23.fxe5 Rf3 24.Qd4 Bc6 25.Bg2 Rf5 26.Bxe4 Rg5 27.Rf2 Rc8 28.Bd3 a5 
29.Rcf1 h5 30.Qf4 Qe7 31.Qh4 Re8 32.Rf7 Qd8 33.Qd4 Rg4 34.R1f4 Rxf4 35.
Rxf4 Rf8 36.Bc2 g5 37.Qd3 Qc7 38.Qg6+ Qg7 39.Qxe6+ Rf7 40.Rxf7 Qxf7 41.
Qxc6 Qf3 42.Qg6+ 1-0

[Event "Nordic Youth Chess Championships 2022: Class A - U20"]
[Site "Scandic Helsingborg Nord, Florettgatan 41, Helsingborg, Sweden"]
[Date "2022.08.28"]
[Round "6.1"]
[White "Morkore, Rogvi"]
[Black "Stefansson, Vignir Vatnar"]
[Result "0-1"]
[WhiteElo "1727"]
[BlackElo "2445"]
[TimeControl "90 minutes with 30 seconds increment per move."]
[BlackTitle "IM"]
[WhiteFideId "7202563"]
[BlackFideId "2308649"]

1.c4 g6 2.g3 Bg7 3.Bg2 f5 4.Nc3 Nf6 5.Nf3 O-O 6.d4 d6 7.Bd2 Qe8 8.Qc1 e5 
9.Bh6 e4 10.Bxg7 exf3 11.Bxf8 fxg2 12.Rg1 Qxf8 13.Rxg2 Nc6 14.d5 Ne5 15.
Nb5 Qe7 16.Qe3 c6 17.dxc6 bxc6 18.Nd4 c5 19.Nf3 Nfg4 0-1

[Event "Nordic Youth Chess Championships 2022: Class A - U20"]
[Site "Scandic Helsingborg Nord, Florettgatan 41, Helsingborg, Sweden"]
[Date "2022.08.28"]
[Round "6.2"]
[White "Mai, Alexander Oliver"]
[Black "Torngren, Gustav"]
[Result "1/2-1/2"]
[WhiteElo "2158"]
[BlackElo "2247"]
[TimeControl "90 minutes with 30 seconds increment per move."]
[BlackTitle "FM"]
[WhiteFideId "2313391"]
[BlackFideId "1728970"]

1.e4 c6 2.Nc3 d5 3.Nf3 dxe4 4.Nxe4 Nf6 5.Qe2 Nxe4 6.Qxe4 Qa5 7.Bc4 Bf5 8.
Qe2 e6 9.Bb3 Nd7 10.Nh4 Bg6 11.Nxg6 hxg6 12.c3 Bd6 13.h3 Qg5 14.Kf1 Qe7 
15.d4 Nf6 16.g3 a5 17.a4 Nd5 18.Kg2 Kf8 19.h4 Re8 20.Bd2 Bc7 21.Rad1 Rh5 
22.Rhe1 Qd7 23.Bc2 Ne7 24.Be4 Nf5 25.Bf3 Rh8 26.Bc1 Qd6 27.Kf1 Qe7 28.Kg2 
Bd6 29.Rd3 Qc7 30.Bg4 Rd8 31.Qd1 Be7 32.Rh1 Qd7 33.Be2 Bf6 34.Bf4 Ne7 35.
Qc2 Nd5 36.Bc1 Be7 37.Rf3 Nf6 38.Qb3 Kg8 39.Rd1 Ne8 40.Bf4 Nd6 41.Rfd3 Nf5
42.Qb6 Ra8 43.Bf3 Bd6 44.Bc1 Qe7 45.Rh1 Qc7 46.Qxc7 Bxc7 47.Rhd1 Nd6 48.
Bf4 f6 49.Re1 Kf7 50.Bd1 Ne8 51.Bd2 Bd6 52.Bb3 Nc7 53.Rde3 Rhe8 54.Re4 Nd5
55.Bc1 b6 56.R4e2 Nc7 57.Kf3 Rac8 58.Rd1 Nd5 59.Rde1 Nc7 60.Bf4 Bxf4 61.
Kxf4 Nd5+ 62.Kf3 Rcd8 63.Bc4 Nc7 64.Rb1 Rb8 65.Rbe1 1/2-1/2

[Event "Nordic Youth Chess Championships 2022: Class A - U20"]
[Site "Scandic Helsingborg Nord, Florettgatan 41, Helsingborg, Sweden"]
[Date "2022.08.28"]
[Round "6.3"]
[White "Hannesarson, Silas G."]
[Black "Petersen, Daniel"]
[Result "0-1"]
[WhiteElo "1651"]
[BlackElo "1966"]
[TimeControl "90 minutes with 30 seconds increment per move."]
[WhiteFideId "7203845"]
[BlackFideId "1466577"]

1.d4 Nf6 2.Bf4 b6 3.e3 Bb7 4.Nf3 e6 5.Nbd2 c5 6.Nc4 d5 7.Nce5 a6 8.Ng5 Qc8
9.Ngxf7 Rg8 10.Ng5 h6 11.Ngf3 g5 12.Bg3 Ne4 13.Nd2 Nf6 14.c3 Nbd7 15.Be2 
Nxe5 16.Bxe5 Nd7 17.Bh5+ Kd8 18.Bg3 Qc6 19.Be2 Bd6 20.Bxd6 Qxd6 21.h3 Kc7 
22.Qa4 Bc6 23.Qb3 e5 24.dxe5 Nxe5 25.O-O-O Qd7 26.Nf3 Nf7 27.Bc4 Ba4 28.
Rxd5 Bxb3 29.Rxd7+ Kxd7 30.Bxb3 Ke7 31.Bd5 Rad8 32.e4 Rgf8 33.Nd2 Ne5 34.
f3 Nd3+ 35.Kc2 Nf4 36.Rg1 Nxd5 37.exd5 Rxd5 38.Re1+ Kf7 39.Ne4 Rfd8 40.Kc1
a5 41.a4 c4 42.Kc2 b5 43.Ra1 b4 44.cxb4 axb4 45.a5 Rd3 46.Re1 b3+ 47.Kc1 
R8d5 0-1

[Event "Nordic Youth Chess Championships 2022: Class A - U20"]
[Site "Scandic Helsingborg Nord, Florettgatan 41, Helsingborg, Sweden"]
[Date "2022.08.28"]
[Round "6.4"]
[White "Koch-Muller, Oscar"]
[Black "Hausken, Andreas Skrede"]
[Result "0-1"]
[WhiteElo "2077"]
[BlackElo "2042"]
[TimeControl "90 minutes with 30 seconds increment per move."]
[WhiteFideId "1447955"]
[BlackFideId "1533100"]

1.d4 Nf6 2.c4 e6 3.Nc3 Bb4 4.e3 O-O 5.Bd2 d5 6.Nf3 b6 7.cxd5 exd5 8.Bd3 
Re8 9.Rc1 Bf8 10.O-O Bb7 11.Ne5 c5 12.f4 Nc6 13.Rf3 cxd4 14.Nxd5 Nxe5 15.
fxe5 Bxd5 16.Rxf6 gxf6 17.Qh5 Bg7 18.exf6 Bxf6 19.Rf1 Be4 20.Bc4 Bg6 21.
Qf3 Kg7 22.Kh1 dxe3 23.Bc3 Bxc3 24.bxc3 Rc8 25.Bxf7 Rf8 0-1

[Event "Nordic Youth Chess Championships 2022: Class A - U20"]
[Site "Scandic Helsingborg Nord, Florettgatan 41, Helsingborg, Sweden"]
[Date "2022.08.28"]
[Round "6.5"]
[White "Tuominen, Matias"]
[Black "Muntean, Victor"]
[Result "1-0"]
[WhiteElo "1560"]
[BlackElo "2125"]
[TimeControl "90 minutes with 30 seconds increment per move."]
[WhiteFideId "514900"]
[BlackFideId "1054414"]

1.d4 Nf6 2.c4 g6 3.Nf3 Bg7 4.g3 O-O 5.Bg2 d6 6.O-O Nc6 7.Nc3 a6 8.e4 Rb8 
9.Qe2 b5 10.Rd1 Na5 11.b3 bxc4 12.bxc4 Be6 13.d5 Nxd5 14.exd5 Bxc3 15.dxe6
Bxa1 16.Bd2 Bf6 17.Bxa5 Rb2 18.Qe1 Rxa2 19.Nd4 Bxd4 20.exf7+ Kg7 21.Rxd4 
e5 22.Rd5 Rxf7 23.Bc3 Qb8 24.Rxe5 Kf8 25.Re2 Rxe2 26.Qxe2 Qb1+ 27.Bf1 Qf5 
28.Qb2 Ke7 29.Bd4 Qe4 30.Be3 Qe5 31.Qb7 Qa5 32.c5 dxc5 33.Qe4+ Kd6 34.Bc4 
Qe1+ 35.Bf1 Re7 36.Qd3+ Ke6 37.Qxa6+ Kf7 38.Qc4+ Kg7 39.Qxc5 Rd7 40.Qe5+ 
Kf7 41.Qf4+ Ke8 42.Qe4+ Kf7 43.Kg2 Qa1 44.Bc4+ Kg7 45.Qe6 Qa8+ 46.Kh3 Qd8 
47.Bf4 Re7 48.Be5+ Kh6 49.Bf4+ Kg7 50.Qc6 Qd7+ 51.Qxd7 Rxd7 52.Be5+ Kf8 
53.Kg2 Ke7 54.h4 Rd1 55.Bg8 Rd7 56.Kf3 c5 57.Kg4 Kf8 58.Be6 Rd2 59.f4 Rd3 
60.Bc4 h5+ 61.Kg5 Rxg3+ 62.Kf6 Ke8 63.Bf7+ Kd8 64.f5 Rf3 65.Bxg6 c4 66.Ke6
c3 67.f6 c2 68.Bxc2 Ke8 69.f7+ Kf8 70.Bd6+ Kg7 71.Be5+ Kf8 72.Bf5 Rd3 73.
Bg6 Rd7 74.Bg7+ 1-0

[Event "Nordic Youth Chess Championships 2022: Class A - U20"]
[Site "Scandic Helsingborg Nord, Florettgatan 41, Helsingborg, Sweden"]
[Date "2022.08.28"]
[Round "6.6"]
[White "Halvorsen, Benjamin"]
[Black "Skahlberg Bjerknes-Lima De Faria, Warg"]
[Result "0-1"]
[WhiteElo "1767"]
[BlackElo "1778"]
[TimeControl "90 minutes with 30 seconds increment per move."]
[WhiteFideId "1516604"]
[BlackFideId "1738100"]

1.e4 c5 2.Nf3 g6 3.d4 cxd4 4.Nxd4 Nc6 5.Nc3 Bg7 6.Be3 Nf6 7.Bc4 Qa5 8.f3 
Qb4 9.Bb3 Nxe4 10.Nxc6 Bxc3+ 11.bxc3 Qxc3+ 12.Ke2 dxc6 13.Bd4 e5 14.Qd3 
Qxd4 15.Qxd4 exd4 16.fxe4 Ke7 17.Kd3 Rd8 18.Rhf1 Be6 19.Rf4 c5 20.Raf1 Rf8
21.Rf6 b5 22.Bd5 Rad8 23.Bxe6 fxe6 24.Rxf8 Rxf8 25.Rb1 a6 26.a4 b4 27.Kc4 
Kd6 28.Rg1 Rf2 29.Kd3 g5 30.h3 h5 31.a5 h4 0-1

[Event "Nordic Youth Chess Championships 2022: Class B - U17"]
[Site "Scandic Helsingborg Nord, Florettgatan 41, Helsingborg, Sweden"]
[Date "2022.08.26"]
[Round "1.1"]
[White "Meskenas, Paulius"]
[Black "Liu, Casper"]
[Result "0-1"]
[WhiteElo "2177"]
[BlackElo "2328"]
[TimeControl "90 minutes with 30 seconds increment per move."]
[BlackTitle "FM"]
[WhiteFideId "12809969"]
[BlackFideId "1454153"]

1.c4 e5 2.Nc3 Nf6 3.Nf3 Nc6 4.e3 Bb4 5.Qc2 O-O 6.Nd5 Re8 7.Qf5 Be7 8.Nxe5 
Nb4 9.Nf3 Nfxd5 10.cxd5 g6 11.Qe4 c6 12.Bc4 cxd5 13.Bxd5 Qa5 14.Bb3 d5 15.
Qd4 Qa6 16.Kd1 Bf5 17.Ne1 Rac8 18.a3 h5 19.f3 Bd3 20.Nxd3 Nxd3 21.Rg1 Nf2+
22.Ke1 Nd3+ 23.Kd1 Bf6 24.Qxd5 Rc7 25.Bc2 Nf2+ 26.Ke1 Rxc2 27.Kxf2 Bh4+ 
28.g3 Rd8 29.Qb3 Rdxd2+ 30.Ke1 Qe2# 0-1

[Event "Nordic Youth Chess Championships 2022: Class B - U17"]
[Site "Scandic Helsingborg Nord, Florettgatan 41, Helsingborg, Sweden"]
[Date "2022.08.26"]
[Round "1.2"]
[White "Apol, Luitjen Akselsson"]
[Black "Domalchuk-Jonasson, Aleksandr"]
[Result "0-1"]
[WhiteElo "2289"]
[BlackElo "2174"]
[TimeControl "90 minutes with 30 seconds increment per move."]
[WhiteFideId "7202466"]
[BlackFideId "14142805"]

1.e4 e6 2.d4 d5 3.Nd2 c5 4.Ngf3 cxd4 5.Nxd4 Nc6 6.Bb5 Bd7 7.Nxc6 bxc6 8.
Bd3 Bd6 9.Qe2 Ne7 10.e5 Bc7 11.Nf3 c5 12.c4 h6 13.O-O O-O 14.b3 Rc8 15.Rd1
Qe8 16.Bb2 a5 17.Rac1 d4 18.Ba3 Bb8 19.Bc2 f5 20.Ne1 g5 21.Nd3 Ba7 22.h4 
Qg6 23.Qd2 gxh4 24.Kh2 Bb6 25.Rg1 Kf7 26.Bd1 Qg5 27.Nf4 Nc6 28.Bh5+ Kg7 
29.Rce1 Kh7 30.g3 Rg8 31.Qe2 Bc7 32.Bc1 Bxe5 33.Qd1 Bd6 34.Bf7 Rg7 35.Bxe6
hxg3+ 36.fxg3 Ne5 37.Bxd7 Rxd7 38.Rxe5 Bxe5 39.Qf3 Qg4 40.Qd3 Bxf4 41.Bxf4
Re8 42.Rg2 Re1 43.Rg1 Re2+ 44.Rg2 Rde7 45.Bd6 Qh5+ 46.Kg1 Re1+ 0-1

[Event "Nordic Youth Chess Championships 2022: Class B - U17"]
[Site "Scandic Helsingborg Nord, Florettgatan 41, Helsingborg, Sweden"]
[Date "2022.08.26"]
[Round "1.3"]
[White "Elmi, Saad Abobaker"]
[Black "Unneland, Mathias"]
[Result "1/2-1/2"]
[WhiteElo "2110"]
[BlackElo "2257"]
[TimeControl "90 minutes with 30 seconds increment per move."]
[BlackTitle "FM"]
[WhiteFideId "1553259"]
[BlackFideId "1525581"]

1.e4 c5 2.Nc3 Nc6 3.Bb5 Nd4 4.Nf3 a6 5.Bd3 g6 6.O-O Bg7 7.Nxd4 cxd4 8.Ne2 
d5 9.exd5 Qxd5 10.c3 dxc3 11.dxc3 Nf6 12.Bc2 e5 13.Ng3 O-O 14.Qxd5 Nxd5 
15.Rd1 Ne7 16.Be3 Re8 17.Bc5 Nf5 18.Ne4 h5 19.Bb3 Be6 20.f3 Bxb3 21.axb3 
Re6 22.Kf1 Bf8 23.Bf2 Rc8 24.Rd7 Re7 25.Rad1 Kg7 26.Rxe7 Bxe7 27.g4 hxg4 
28.fxg4 Nh6 29.Rd7 Kf8 30.g5 Ng4 31.Bg1 f5 32.gxf6 Nxf6 33.Nxf6 Bxf6 34.
Bb6 Rb8 35.Ke2 Ke8 36.Rh7 Kf8 37.Bc7 Re8 38.Rd7 Re6 39.Bb8 b5 40.Ba7 Ke8 
41.Rd1 Re7 42.Be3 Rh7 43.Bg1 Ke7 44.Ra1 Ke6 45.Rxa6+ Kf5 46.Ra1 Bg5 47.c4 
bxc4 48.bxc4 Bf4 49.b4 Bxh2 50.Bf2 Rh3 51.b5 Rc3 52.c5 Rc2+ 53.Kf1 e4 54.
Re1 Bf4 55.Re2 Rc1+ 56.Re1 Rc2 57.b6 e3 58.Bxe3 Bxe3 59.Rxe3 Rxc5 60.Rb3 
Rc8 61.Ke2 Ke5 62.Kd3 Kd5 63.b7 Rb8 64.Rb6 Kc5 65.Rxg6 Rxb7 66.Rg5+ Kd6 
67.Kc4 Ke6 68.Rg6+ Ke5 69.Rg5+ Ke6 70.Rb5 Rxb5 71.Kxb5 1/2-1/2

[Event "Nordic Youth Chess Championships 2022: Class B - U17"]
[Site "Scandic Helsingborg Nord, Florettgatan 41, Helsingborg, Sweden"]
[Date "2022.08.26"]
[Round "1.4"]
[White "Ostlund, Joar"]
[Black "Nielsen, Jon I Horni"]
[Result "1-0"]
[WhiteElo "2257"]
[BlackElo "1995"]
[TimeControl "90 minutes with 30 seconds increment per move."]
[WhiteTitle "CM"]
[WhiteFideId "1735020"]
[BlackFideId "7202105"]

1.d4 Nf6 2.c4 e6 3.Nf3 b6 4.a3 Bb7 5.Bf4 d5 6.cxd5 exd5 7.Nc3 Bd6 8.Bxd6 
Qxd6 9.Rc1 c6 10.e3 O-O 11.Bd3 Nbd7 12.O-O Rfe8 13.Qc2 Rac8 14.Rfd1 g6 15.
b4 b5 16.Nd2 Ng4 17.g3 f5 18.Nb3 Qf8 19.h3 Ngf6 20.Ne2 Ne4 21.Bxe4 fxe4 
22.Nc5 Nxc5 23.Qxc5 Qf5 24.h4 Rf8 25.Nf4 h6 26.Qd6 Kh7 27.h5 gxh5 28.Kg2 
Rf6 29.Qe7+ Rf7 30.Qh4 Rg8 31.Qxh5 Qxh5 32.Nxh5 Bc8 33.Nf4 Bg4 34.Rd2 Bf3+
35.Kf1 h5 36.Rxc6 h4 37.gxh4 Rfg7 38.Ne2 Rg2 39.Rc7+ Kh6 40.Rdc2 Rh2 41.
Ng3 Rxg3 42.fxg3 Rh1+ 43.Kf2 Kh5 44.g4+ Kxg4 45.Rg7+ Kh3 46.Rc5 Rh2+ 47.
Kf1 Be2+ 48.Kg1 Bc4 49.h5 Re2 50.Rxc4 bxc4 51.h6 Ra2 52.h7 1-0

[Event "Nordic Youth Chess Championships 2022: Class B - U17"]
[Site "Scandic Helsingborg Nord, Florettgatan 41, Helsingborg, Sweden"]
[Date "2022.08.26"]
[Round "1.5"]
[White "Vainikka, Toni"]
[Black "Falkevall, Axel"]
[Result "0-1"]
[WhiteElo "1995"]
[BlackElo "2256"]
[TimeControl "90 minutes with 30 seconds increment per move."]
[BlackTitle "FM"]
[WhiteFideId "514861"]
[BlackFideId "1735560"]

1.d4 Nf6 2.c4 g6 3.Nf3 Bg7 4.g3 O-O 5.Bg2 d6 6.Nc3 c5 7.O-O Nc6 8.d5 Na5 
9.Qd3 a6 10.e4 Rb8 11.Rb1 b5 12.Nd2 bxc4 13.Nxc4 Nxc4 14.Qxc4 Nd7 15.Bd2 
a5 16.f4 Rb4 17.Qe2 Qb6 18.a3 Ba6 19.Qd1 Rxb2 20.Na4 Rxb1 21.Qxb1 Bd4+ 22.
Kh1 Qb5 23.Nc3 Qc4 24.Rf3 Rb8 25.Qe1 Qb3 26.h4 Qc2 0-1

[Event "Nordic Youth Chess Championships 2022: Class B - U17"]
[Site "Scandic Helsingborg Nord, Florettgatan 41, Helsingborg, Sweden"]
[Date "2022.08.26"]
[Round "1.6"]
[White "Briem, Benedikt"]
[Black "Polkki, Eino"]
[Result "1-0"]
[WhiteElo "2223"]
[BlackElo "1757"]
[TimeControl "90 minutes with 30 seconds increment per move."]
[WhiteFideId "2315432"]
[BlackFideId "515779"]

1.d4 Nf6 2.c4 e6 3.g3 d5 4.Bg2 Be7 5.Nf3 O-O 6.O-O b6 7.cxd5 exd5 8.Nc3 
Bb7 9.Bf4 Bd6 10.Bxd6 Qxd6 11.Qc2 a6 12.Ne5 c5 13.e3 cxd4 14.exd4 Nc6 15.
Nxc6 Bxc6 16.Rac1 Rfe8 17.Rfe1 Qd7 18.Qb3 Qb7 19.Re5 Rxe5 20.dxe5 Ne4 21.
Ne2 Rc8 22.Nd4 Nc5 23.Qf3 Ne4 24.Qe3 Bd7 25.h4 h6 26.b4 a5 27.a3 axb4 28.
axb4 Rxc1+ 29.Qxc1 Qc8 30.Qxc8+ Bxc8 31.Bxe4 dxe4 32.Nb5 Be6 33.Nd6 Bd5 
34.Kf1 Kf8 35.Ke2 Bc6 36.Ke3 Ke7 37.Nxe4 Ke6 38.Kd4 Kf5 39.Nd6+ Ke6 40.Nc4
b5 41.Ne3 Bd7 42.f4 g6 43.g4 Ke7 44.f5 h5 45.gxh5 gxf5 46.Nd5+ Kf8 47.Nf6 
Be6 48.h6 Bb3 49.Ke3 Be6 50.Kf4 Bc8 51.Nd5 Be6 52.Ne3 Kg8 53.Nxf5 Kh7 54.
Kg5 1-0

[Event "Nordic Youth Chess Championships 2022: Class B - U17"]
[Site "Scandic Helsingborg Nord, Florettgatan 41, Helsingborg, Sweden"]
[Date "2022.08.26"]
[Round "2.1"]
[White "Liu, Casper"]
[Black "Briem, Benedikt"]
[Result "1-0"]
[WhiteElo "2328"]
[BlackElo "2223"]
[TimeControl "90 minutes with 30 seconds increment per move."]
[WhiteTitle "FM"]
[WhiteFideId "1454153"]
[BlackFideId "2315432"]

1.c4 Nf6 2.Nf3 e6 3.g3 d5 4.d4 Bb4+ 5.Bd2 Be7 6.Bg2 c6 7.O-O O-O 8.Bc3 a5 
9.a4 b6 10.b3 Bb7 11.Nbd2 Na6 12.Ne5 c5 13.Qb1 Qc7 14.Qb2 Rfd8 15.Rac1 
dxc4 16.dxc5 Bxg2 17.Kxg2 Bxc5 18.Nexc4 Qe7 19.Rfd1 Ne8 20.Ne4 Rxd1 21.
Rxd1 Rd8 22.Rd2 Rxd2 23.Qxd2 f6 24.f3 Qc7 25.Bd4 Bxd4 26.Qxd4 f5 27.Nc3 
Nc5 28.Nb5 Qb8 29.Nxa5 Qc8 30.Nc4 Nxb3 31.Qh4 Nf6 32.Nxb6 Qc2 33.Qc4 Qxc4 
34.Nxc4 Nc5 35.a5 Na6 36.Kf2 Nd5 37.e4 fxe4 38.fxe4 Nf6 39.Ke3 Ng4+ 40.Kd4
Nxh2 41.Ke5 Nf1 42.g4 h5 43.gxh5 Ng3 44.Ncd6 Nxh5 45.Kxe6 g5 46.Kf5 Nf4 
47.Kxg5 Ne6+ 48.Kf6 Nd8 49.e5 Nb4 50.Nc7 Ndc6 51.e6 Kf8 52.a6 Nxa6 53.Nxa6
Ne7 54.Nf5 Nd5+ 55.Ke5 Nb6 56.e7+ Kf7 57.Nc7 Nd7+ 58.Kd6 Nf6 59.Nh6+ Kg7 
60.Ng4 Ne4+ 61.Ke5 1-0

[Event "Nordic Youth Chess Championships 2022: Class B - U17"]
[Site "Scandic Helsingborg Nord, Florettgatan 41, Helsingborg, Sweden"]
[Date "2022.08.26"]
[Round "2.2"]
[White "Falkevall, Axel"]
[Black "Ostlund, Joar"]
[Result "1/2-1/2"]
[WhiteElo "2256"]
[BlackElo "2257"]
[TimeControl "90 minutes with 30 seconds increment per move."]
[WhiteTitle "FM"]
[BlackTitle "CM"]
[WhiteFideId "1735560"]
[BlackFideId "1735020"]

1.d4 d5 2.c4 e6 3.Nc3 Nf6 4.cxd5 exd5 5.Bg5 c6 6.e3 h6 7.Bh4 Be7 8.Bd3 O-O
9.Nge2 Re8 10.Qc2 Nbd7 11.O-O a5 12.f3 b5 13.Rad1 Ba6 14.Bf2 Bf8 15.Ng3 
Qb6 16.e4 dxe4 17.fxe4 b4 18.Na4 Bxd3 19.Rxd3 Qb5 20.e5 Nd5 21.Rf3 Ra7 22.
Nh5 c5 23.b3 cxd4 24.Bxd4 Rc7 25.Qe4 N7f6 26.Nxf6+ Nxf6 27.Qh4 Nh7 28.Qf4 
Ng5 29.Re3 Ne6 30.Qg4 Rc2 31.Ba1 Rxa2 32.Qf5 Qb7 33.Rg3 g6 34.Bb2 Ng5 35.
Qb1 Rxa4 36.bxa4 Bc5+ 37.Kh1 Ne4 38.Rg4 Nf2+ 39.Rxf2 Bxf2 40.Rxg6+ fxg6 
41.Qxg6+ Kf8 42.e6 Rxe6 43.Qxe6 Qb6 44.Qf5+ Ke8 45.Qe4+ Kf8 46.Qf3+ Ke8 
47.Qh5+ Kf8 48.Bc1 Kg7 49.Bb2+ Kf8 50.Qf5+ Ke8 51.Qe5+ Kf7 52.Qg7+ Ke8 53.
Qg8+ Ke7 54.Qh7+ Ke8 55.Qe4+ Kf8 56.Bc1 Kg7 57.Qe7+ Kg6 58.Qf8 h5 59.Qh6+ 
Kf5 60.Qxh5+ Ke6 61.Qe8+ Kd5 62.Qd7+ Kc4 63.Qf7+ Kc3 64.Qa2 b3 65.Qd2+ Kc4
66.Qe2+ Kb4 67.Bb2 Kxa4 68.Qc4+ Qb4 69.Qc6+ Qb5 70.Qe4+ Qb4 71.Qc6+ Qb5 
72.Qe4+ 1/2-1/2